 Dungeon Crawl Stone Soup version 0.22-a0-469-gf26638a (webtiles) character file.

2324 Gildeon the Cleaver (level 9, 0/74 HPs)
             Began as a Minotaur Fighter on June 10, 2018.
             Was a Believer of Okawaru.
             Shot with a sling bullet by Joseph (19 damage)
             ... on level 7 of the Dungeon on June 11, 2018.
             The game lasted 00:33:39 (5316 turns).

Gildeon the Cleaver (Minotaur Fighter)              Turns: 5316, Time: 00:33:40

Health: 0/74       AC: 16    Str: 21    XL:     9   Next: 19%
Magic:  9/9        EV:  8    Int:  7    God:    Okawaru [**....]
Gold:   420        SH:  0    Dex: 11    Spells: 10/10 levels left

rFire    . . .     SeeInvis .   b - +0 shortbow
rCold    . . .     Gourm    .   (shield currently unavailable)
rNeg     . . .     Faith    .   u - +1 plate armour
rPois    .         Spirit   .   (helmet restricted)
rElec    .         Reflect  .   g - +2 cloak
rCorr    .         Harm     +   (no gloves)
MR       .....                  (no boots)
Stlth    ..........             l - amulet of harm
HPRegen  0.22/turn              (no ring)
MPRegen  0.11/turn              (no ring)

@: no status effects
A: retaliatory headbutt, horns 2
a: Heroism, Renounce Religion


You were on level 7 of the Dungeon.
You worshipped Okawaru.
Okawaru was pleased with you.
You were not hungry.

You visited 1 branch of the dungeon, and saw 7 of its levels.

You collected 420 gold pieces.

Inventory:

Hand Weapons
 a - a +2 war axe
 b - a +0 shortbow (weapon)
Missiles
 j - 37 arrows (quivered)
Armour
 g - a +2 cloak (worn)
 u - a +1 plate armour (worn)
Jewellery
 l - an amulet of harm (around neck)
 o - the amulet "Aqoissoa" {+Rage rN+}
   (You found it on level 5 of the Dungeon)

   [amulet of rage]

   It protects you from negative energy.
   It lets you go berserk.
Wands
 q - a wand of acid (9)
Scrolls
 d - 2 scrolls of remove curse
 h - 2 scrolls of blinking
 i - a scroll of identify
 s - a scroll of teleportation
Potions
 c - a potion of agility
 e - a potion of curing
 n - 2 potions of flight
 p - 2 potions of lignification
Comestibles
 f - 12 rations
 k - 8 chunks of flesh


   Skills:
 + Level 5.2 Fighting
 * Level 10.2 Axes
 * Level 5.4 Bows
 + Level 5.2 Armour
 + Level 5.1 Dodging
   Level 3.6 Shields
 - Level 1.0 Spellcasting
 - Level 2.0 Invocations
 - Level 1.0 Evocations


You had 10 spell levels left.
You didn't know any spells.
Your spell library was empty.

Dungeon Overview and Level Annotations

Branches:
Dungeon (7/15)             Temple (0/1) D:5

Altars:
Fedhas
Kikubaaqudgha
Makhleb
Nemelex Xobeh
Okawaru
Ru
Trog
Wu Jian
Xom
Yredelemnul

Annotations:
D:7 Joseph


Innate Abilities, Weirdness & Mutations

You reflexively headbutt those who attack you in melee.
You have a pair of horns on your head.


Message History

Press: ? - help, Shift-Dir - straight line, f/p - Joseph
Aim: Joseph, wielding a hunting sling and wearing a leather armour (heavily wounded)
You shoot an arrow. The arrow hits Joseph.
Joseph is heavily wounded.
Joseph shoots a sling bullet.
The sling bullet hits you!
* * * LOW HITPOINT WARNING * * *
Firing (i - inventory)
j - 39 arrows (quivered)
Press: ? - help, Shift-Dir - straight line, f/p - Joseph
Aim: Joseph, wielding a hunting sling and wearing a leather armour (heavily wounded)
You shoot an arrow. The arrow hits Joseph.
Joseph is heavily wounded.
Joseph shoots a sling bullet.
The sling bullet hits you.
* * * LOW HITPOINT WARNING * * *
You feel better.
Firing (i - inventory)
j - 38 arrows (quivered)
Press: ? - help, Shift-Dir - straight line, f/p - Joseph
Aim: Joseph, wielding a hunting sling and wearing a leather armour (heavily wounded)
You shoot an arrow. The arrow barely misses Joseph.
Joseph shoots a sling bullet.
The sling bullet hits you!
You die...

,**,,<,,**,,,,,,,,**,,,,* **,,,,,
,***,,.(##..((.,,,**,...#**,,,,,,
,+,,,,.......(.,,,**......,,,,,,*
,*,,,,.(.......,,,**.......,,*,**
,*,,,,..((!..@######........*,,*
,+,,,,....(....,.....>.......,**
,*,,,,...(..).#*#...........#**
,*,,,,,,#...(@###...........#
,*,,,,,,+....((.@...........####*
,*,,,,,,#....((.#...............,
**,,,,..........#.............#**
,,,,,,.#........#.............#
,**,,,..........#####'#.......#
,**,,,.......#..#**#..........#
,**,,,...........,,#..........#
,*,,,,.##..........#..........#
,*,,,,,***,,.......#........###


You could see Joseph.

Vanquished Creatures
  The ghost of Nib the Ruffian, an amateur DrTm (D:3)
  2 orc warriors (D:6)
  A black bear (D:5)
  A necrophage (D:6)
  An ice beast (D:6)
  An ogre (D:5)
  A centaur (D:5)
  2 bullfrogs (D:6)
  3 howler monkeys (D:7)
  5 crimson imps
  A bullfrog zombie (D:5)
  A jelly (D:5)
  7 hounds
  10 orc wizards
  4 orc priests
  4 worker ants
  A killer bee zombie (D:5)
  A hound zombie (D:4)
  2 hound skeletons (D:6)
  Robin (D:2)
  7 gnolls
  6 adders
  2 shadow imps (D:5)
  An adder skeleton (D:5)
  An adder zombie (D:5)
  3 worms (D:2)
  2 dart slugs
  4 leopard geckos
  32 orcs
  3 ball pythons
  6 giant cockroaches
  19 goblins
  9 hobgoblins
  7 jackals
  3 quokkas
  11 bats
  2 frilled lizards
  6 kobolds
  2 leopard gecko skeletons
  A quokka skeleton (D:6)
  17 rats
194 creatures vanquished.

Vanquished Creatures (others)
  An orc (D:6)
1 creature vanquished.

Grand Total: 195 creatures vanquished

Notes
Turn   | Place    | Note
-------+----------+-------------------------------------------
     0 | D:1      | Gildeon the Minotaur Fighter began the quest for the Orb.
     0 | D:1      | Reached XP level 1. HP: 19/19 MP: 0/0
    20 | D:1      | Reached XP level 2. HP: 24/27 MP: 1/1
    96 | D:1      | Reached skill level 3 in Axes
   173 | D:1      | Reached skill level 1 in Dodging
   258 | D:1      | Reached XP level 3. HP: 33/33 MP: 2/2
   935 | D:2      | Found a blossoming altar of Fedhas.
   935 | D:2      | Found an ancient bone altar of Kikubaaqudgha.
   940 | D:2      | Reached XP level 4. HP: 40/40 MP: 3/3
   942 | D:2      | Found a burning altar of Makhleb.
   945 | D:2      | Found an ornate altar of the Wu Jian Council.
  1013 | D:2      | Noticed Robin
  1019 | D:2      | Killed Robin
  1019 | D:2      | Reached skill level 4 in Axes
  1520 | D:3      | Reached XP level 5. HP: 47/47 MP: 4/4
  1528 | D:3      | Noticed Nib's ghost (amateur DrTm)
  1538 | D:3      | Killed Nib's ghost
  1538 | D:3      | Reached skill level 5 in Axes
  1538 | D:3      | Reached XP level 6. HP: 16/55 MP: 4/6
  1826 | D:3      | Reached skill level 1 in Spellcasting
  1917 | D:3      | Found a faded altar of an unknown god.
  1917 | D:3      | Found a sparkling altar of Nemelex Xobeh.
  1922 | D:3      | Found an iron altar of Okawaru.
  1924 | D:3      | Found a bloodstained altar of Trog.
  1926 | D:3      | Found a faded altar of an unknown god.
  1929 | D:3      | Became a worshipper of Warmaster Okawaru
  1979 | D:3      | Found a shimmering altar of Xom.
  2220 | D:4      | Reached skill level 5 in Armour
  2353 | D:4      | Reached skill level 5 in Fighting
  2471 | D:4      | Reached skill level 6 in Axes
  2488 | D:4      | Reached XP level 7. HP: 60/61 MP: 7/7
  2760 | D:5      | Entered Level 5 of the Dungeon
  2778 | D:5      | Got a flickering jade amulet
  2783 | D:5      | Found a staircase to the Ecumenical Temple.
  2875 | D:5      | Reached * piety under Okawaru
  2883 | D:5      | Reached skill level 7 in Axes
  2911 | D:5      | Reached skill level 1 in Invocations
  2912 | D:5      | Reached skill level 1 in Evocations
  3108 | D:5      | Found a basalt altar of Yredelemnul.
  3135 | D:5      | Reached XP level 8. HP: 17/68 MP: 8/8
  3378 | D:5      | Reached skill level 8 in Axes
  3812 | D:5      | Upgraded the game from 0.22-a0-460-g49b1da7 to 0.22-a0-469-gf26638a
  3818 | D:5      | Reached skill level 1 in Bows
  3818 | D:5      | Reached skill level 5 in Dodging
  3895 | D:6      | Reached ** piety under Okawaru
  3904 | D:6      | Reached skill level 9 in Axes
  4153 | D:6      | Identified the amulet "Aqoissoa" {+Rage rN+} (You found it on level 5 of the Dungeon)
  4156 | D:6      | Found a sacrificial altar of Ru.
  4350 | D:6      | Reached XP level 9. HP: 73/74 MP: 9/9
  4421 | D:6      | Reached skill level 10 in Axes
  4421 | D:6      | Reached skill level 5 in Bows
  5287 | D:7      | Noticed Joseph
  5316 | D:7      | Shot with a sling bullet by Joseph

Vault maps used:
D:1:      erik_arrival_orb_chamber, minmay_tromino_v2
D:2:      grunt_temple_overflow_cloverleaf, minmay_liquid_box, uniq_robin
D:3:      chequers_temple_overflow_minitemple, xom_teletrap_fun, first_ration
D:5:      kennysheep_mini, minmay_temple_entry_mist
D:6:      nicolae_ru_great_annihilating_truth
D:7:      basic_altar, hangedman_decor_growths, uniq_joseph

Skill      XL: |  1  2  3  4  5  6  7  8  9 |
---------------+----------------------------+-----
Axes           | 3 4 5 6 7 9 10 | 10.2
Dodging        | 1 2 3 4 5 |  5.1
Fighting       | 4 5 |  5.2
Armour         | 4 5 |  5.2
Spellcasting   | 1 |  1.0
Invocations    | 1 2 |  2.0
Evocations     | 1 |  1.0
Bows           | 4 5 |  5.4
Shields        | |  3.6

Action                   |  1- 3 |  4- 6 |  7- 9 || total
-------------------------+-------+-------+-------++-------
Melee: War axe           |    84 |   144 |   142 ||   370
       Headbutt          |    13 |    18 |    24 ||    55
 Fire: Shortbow          |       |       |   124 ||   124
  Use: Scroll            |     3 |     5 |    12 ||    20
       Potion            |       |     1 |     1 ||     2
  Eat: Chunk             |       |     5 |     5 ||    10
       Ration            |       |       |     2 ||     2
Armor: Scale mail        |    33 |       |       ||    33
       Chain mail        |    19 |    99 |    93 ||   211
       Plate armour      |       |       |    11 ||    11
Dodge: Dodged            |    43 |    94 |    82 ||   219

Table legend:
 A = Spawn XP
 B = Non-spawn XP
 C = Spawn XP percentage of total XP
 D = Spawn monster count
 E = Non-spawn monster count
 F = Spawn count percentage of total count
 G = Total turns spent on level
                    A         B        C        D         E        F      G
               +---------+---------+-------+---------+---------+-------+---------
         Total |       0 |    3320 |   0.0 |       0 |     194 |   0.0 |  5316
               +---------+---------+-------+---------+---------+-------+---------
           D:1 |       0 |      57 |   0.0 |       0 |      36 |   0.0 |   716
           D:2 |       0 |     101 |   0.0 |       0 |      31 |   0.0 |   961
           D:3 |       0 |     356 |   0.0 |       0 |      33 |   0.0 |   452
           D:4 |       0 |     344 |   0.0 |       0 |      12 |   0.0 |   863
           D:5 |       0 |    1012 |   0.0 |       0 |      38 |   0.0 |   873
           D:6 |       0 |    1230 |   0.0 |       0 |      38 |   0.0 |  1289
           D:7 |       0 |     220 |   0.0 |       0 |       6 |   0.0 |   162
               +---------+---------+-------+---------+---------+-------+---------
